 Dungeon Crawl Stone Soup version 0.31-a0-198-g2ad674f65e (webtiles) character file.

Game seed: 4213118610427392680

241 qw the Skirmisher (level 5, -1/29 HPs)
             Began as a Deep Elf Hunter on June 25, 2023.
             Slain by Ijyb
             ... wielding a +0 dagger
              (5 damage)
             ... on level 4 of the Dungeon.
             The game lasted 00:01:07 (2267 turns).

qw the Skirmisher (Deep Elf Hunter)                 Turns: 2267, Time: 00:01:08

Health: -1/29      AC:  5    Str:  7 (10) XL:     5   Next: 80%
Magic:  7/7        EV:  8    Int: 14      God:
Gold:   91         SH:  0    Dex: 23 (24) Spells: 4/4 levels left

rFire   . . .        Y - +0 shortbow
rCold   . . .        (shield currently unavailable)
rNeg    . . .        l - +0 ring mail
rPois   .            (no helmet)
rElec   .            (no cloak)
rCorr   .            (no gloves)
SInv    .            (no boots)
Will    .....        j - amulet of regeneration
Stlth   ++           m - +6 ring of dexterity
HPRegen 1.04/turn    (no ring)
MPRegen 0.10/turn

%: no passive effects
@: lethally poisoned (-1 -> -2), about to teleport, grasped by roots,
constricted
A: no striking features
a: no special abilities


You were on level 4 of the Dungeon.
You visited 1 branch of the dungeon, and saw 4 of its levels.

You collected 133 gold pieces.
You spent 42 gold pieces at shops.


   Skills:
 + Level 1.5 Fighting
 - Level 9.1 Ranged Weapons
 - Level 3.2 Dodging
 - Level 1.2 Stealth


You had 4 spell levels left.
You didn't know any spells.
Your spell library was empty.

Inventory:

Hand Weapons
 Y - a +0 shortbow (weapon)
Armour
 l - a +0 ring mail (worn)
Jewellery
 j - an amulet of regeneration (around neck)
 m - a +6 ring of dexterity (left hand)
Scrolls
 a - a scroll of identify
Potions
 b - a potion of haste
 d - a potion of might
 f - a potion of magic {unknown}
 g - a potion of lignification {unknown}
 i - 4 potions of curing
 k - 3 potions of mutation {unknown}
 o - a potion of attraction {unknown}

Dungeon Overview and Level Annotations

Branches:
Dungeon (4/15)
 Temple: D:4-7

Altars:
Dithmenos
Elyvilon

Shops:
D:2 !

Annotations:
D:4 Ijyb


Message History

You shoot an arrow. The arrow hits the iguana.
The iguana hisses angrily.
The iguana is moderately wounded.
Ijyb the Twisted Goblin comes into view.
She is wielding a +0 dagger, wearing a +0 ring mail of cold resistance and carrying a wand of roots (6).
You shoot an arrow. The arrow hits the iguana.
The iguana is severely wounded.
A scorpion comes into view.
You shoot an arrow. The arrow barely misses the iguana.
You shoot an arrow. The arrow closely misses the iguana.
Ijyb screams, "Level is mine!
All mine!"
You shoot an arrow. The arrow hits the iguana!
You kill the iguana!
Ijyb zaps a wand.
The roots erupt in riotous growth!
The grasping roots grab you! The grasping roots constrict you.
You hear an angry hiss.
You feel your dexterity returning.
Your Ranged Weapons skill increases to level 9!
You shoot an arrow.
The arrow hits the scorpion but does no damage.
The grasping roots constrict you.
You shoot an arrow. The arrow hits the scorpion!
The scorpion is moderately wounded.
The grasping roots constrict you. The scorpion stings you!
The grasping roots constrict you.
The grasping roots release their grip on you.
You shoot an arrow.
The arrow hits the scorpion but does no damage.
The scorpion is moderately wounded.
The scorpion stings you.
You are poisoned.
The scorpion poisons you!
Ijyb zaps a wand.
The roots erupt in riotous growth!
The grasping roots grab you!
Ijyb is unaffected.
The scorpion is unaffected.
The grasping roots constrict you.
2267 ||| READING scroll of teleportation.
As you read the scroll of teleportation, it crumbles to dust.
You feel strangely unstable.
You feel sick. The scorpion barely misses you. Ijyb hits you with a +0 dagger.
You die...

######## .......
#......# .......
#......# ...../.
#......#
.......####..### #
........# #..### #
.....>..# #....# #
.....<..####.#.# #
......s@.###.#.##### #
....%.g............## #
.....#####.#.#......####
#### #.#.####....<..
#...# #..%....
##...###......>
#.#.........##
....##....#.##
#.......##.).


You could see Ijyb and a scorpion.

Vanquished Creatures
  2 orc priests (D:3)
  Jessica (D:2)
  An iguana (D:4)
  A gnoll (D:1)
  2 adders
  2 worms
  4 dart slugs
  4 orcs (D:3)
  10 ball pythons
  3 bats
  9 endoplasms
  4 giant cockroaches
  8 goblins
  5 hobgoblins
  8 jackals
  8 kobolds
  2 quokkas
  2 frilled lizards (D:2)
  5 rats
81 creatures vanquished.

Notes
Turn   | Place    | Note
-------+----------+-------------------------------------------
     0 | D:1      | qw the Deep Elf Hunter began the quest for the Orb.
     0 | D:1      | Reached XP level 1. HP: 12/12 MP: 3/3
     0 | D:1      | 0 ||| qw: Version: 0.3-a-22-g0ed2b0b
     0 | D:1      | 0 ||| qw: Game counter: 5281
     0 | D:1      | 0 ||| qw: Melee chars always use a shield: true
     0 | D:1      | 0 ||| qw: God list: Okawaru
     0 | D:1      | 0 ||| qw: Allow faded altars: false
     0 | D:1      | 0 ||| qw: Do Orc after clearing Dungeon:15 true
     0 | D:1      | 0 ||| qw: Do second Lair branch before Depths: true
     0 | D:1      | 0 ||| qw: Lair rune preference: random
     0 | D:1      | 0 ||| qw: Goals: Normal
     0 | D:1      | 0 ||| PLANNING D:1-11
     7 | D:1      | 7 ||| FLEEEEING.
     8 | D:1      | 8 ||| FLEEEEING.
    44 | D:1      | Reached XP level 2. HP: 16/16 MP: 4/4
   108 | D:1      | Reached skill level 6 in Ranged Weapons
   165 | D:1      | Found a faded altar of an unknown god.
   498 | D:1      | Reached XP level 3. HP: 19/20 MP: 5/5
   778 | D:1      | Reached skill level 7 in Ranged Weapons
   854 | D:1      | 854 ||| UPGRADING to amulet of regeneration.
   859 | D:1      | 859 ||| READING 3 scrolls labelled SEDUOTE PI ITS.
   860 | D:1      | 860 ||| READING scroll labelled DUHODAPPEEN.
   861 | D:1      | 861 ||| READING 2 scrolls of identify.
   861 | D:1      | 861 ||| IDENTIFYING viscous sapphire potion
   862 | D:1      | 862 ||| DROPPING scroll of butterflies.
   936 | D:2      | Reached XP level 4. HP: 25/25 MP: 6/6
   980 | D:2      | 980 ||| FLEEEEING.
   982 | D:2      | 982 ||| FLEEEEING.
   983 | D:2      | 983 ||| FLEEEEING.
  1090 | D:2      | Found Toluer's Distillery.
  1093 | D:2      | 1093 ||| SHOPLISTING potion of cancellation (112 gold, have
                  | 74).
  1093 | D:2      | 1093 ||| BUYING potion of curing (42 gold).
  1093 | D:2      | Bought a potion of curing for 42 gold pieces
  1093 | D:2      | 1093 ||| SHOPLISTING potion of heal wounds (70 gold, have
                  | 32).
  1093 | D:2      | 1093 ||| SHOPLISTING potion of mutation (112 gold, have
                  | 32).
  1131 | D:2      | Noticed Jessica
  1134 | D:2      | Killed Jessica
  1135 | D:2      | Reached skill level 8 in Ranged Weapons
  1282 | D:2      | 1282 ||| UPGRADING to +6 ring of dexterity.
  1283 | D:2      | 1283 ||| READING scroll labelled HUASAO RAAQEOG.
  1287 | D:2      | 1287 ||| READING scroll labelled NYKETS SAIK.
  1288 | D:2      | 1288 ||| READING scroll labelled SOMEAFFYIRI.
  1289 | D:2      | 1289 ||| DRINKING 2 viscous cyan potions.
  1290 | D:2      | 1290 ||| DROPPING potion of degeneration.
  1292 | D:2      | 1292 ||| Stepping ~*~*~tactically~*~*~ (cloud).
  1357 | D:3      | Reached skill level 3 in Dodging
  1357 | D:3      | Reached XP level 5. HP: 10/29 MP: 7/7
  1393 | D:3      | HP: 7/29 [orc/+0 war axe (5)]
  1482 | D:3      | 1482 ||| FLEEEEING.
  1483 | D:3      | 1483 ||| FLEEEEING.
  1484 | D:3      | 1484 ||| FLEEEEING.
  1485 | D:3      | 1485 ||| FLEEEEING.
  1486 | D:3      | 1486 ||| FLEEEEING.
  1487 | D:3      | 1487 ||| FLEEEEING.
  1488 | D:3      | 1488 ||| FLEEEEING.
  1489 | D:3      | 1489 ||| FLEEEEING.
  1490 | D:3      | 1490 ||| FLEEEEING.
  1491 | D:3      | 1491 ||| FLEEEEING.
  1523 | D:3      | Found a shadowy altar of Dithmenos.
  1700 | D:3      | Found a white marble altar of Elyvilon.
  2119 | D:3      | 2119 ||| UPGRADING to +0 ring mail.
  2129 | D:3      | 2129 ||| DROPPING +0 leather armour.
  2130 | D:3      | 2130 ||| DROPPING amulet of the acrobat.
  2131 | D:3      | 2131 ||| READING scroll labelled CEZ WIOGOOTU.
  2132 | D:3      | 2132 ||| DRINKING 2 lumpy silvery potions.
  2259 | D:4      | Noticed Ijyb
  2264 | D:4      | Reached skill level 9 in Ranged Weapons
  2266 | D:4      | HP: 5/29 [constriction (5)]
  2267 | D:4      | 2267 ||| READING scroll of teleportation.
  2267 | D:4      | Slain by Ijyb

Levels and vault maps discovered:
D:1:      amcnicky_arrival_single_pillar, layout_loops_corners,
          shapermc_ecumenical_altar_pompeii, minmay_tetromino_i4
D:2:      layout_rooms, serial_shops, nicolae_shop_behind_doors,
          hangedman_decor_riveting, uniq_jessica
D:3:      layout_loops_ring, elyvilon_altar_4, grunt_dithmenos_smoke
D:4:      layout_rooms, temple_doors_e, uniq_ijyb

Skill      XL: |  1  2  3  4  5 |
---------------+----------------+-----
Ranged Weapons | 6 7 8 9 |  9.1
Dodging        | 3 |  3.2
Fighting       | |  1.5
Stealth        | |  1.2

Action                     |  1- 3 |  4- 6 || total
---------------------------+-------+-------++-------
   Fire: Shortbow          |    95 |   163 ||   258
    Use: Scroll            |     3 |     5 ||     8
         Potion            |       |     2 ||     2
 Armour: Leather armour    |    18 |     4 ||    22
         Ring mail         |       |     2 ||     2
  Dodge: Dodged            |    34 |    37 ||    71

Table legend:
 A = Non-vault XP
 B = Vault XP
 C = Vault XP percentage of total XP
 D = Non-vault monster count
 E = Vault monster count
 F = Vault count percentage of total count
                 A         B        C        D         E       F
            +---------+---------+-------+---------+---------+-------
      Total |     300 |      45 |  13.0 |      76 |       5 |   6.2
            +---------+---------+-------+---------+---------+-------
        D:1 |      58 |       8 |  12.1 |      22 |       4 |  15.4
        D:2 |      67 |      37 |  35.6 |      31 |       1 |   3.1
        D:3 |     132 |       0 |   0.0 |      19 |       0 |   0.0
        D:4 |      43 |       0 |   0.0 |       4 |       0 |   0.0
            +---------+---------+-------+---------+---------+-------
